AoeStats
← rdy2work

Arabia

509307739Analyzed
1v1 RM · 6d ago on Sep 26, 2026· 42m 32s· 2 players
Game mode
Random Map
Map size
Tiny (2 player)
Population
200
Speed
Normal
Resources
Standard
Victory
Conquest
Starting age
Dark Age
Ending age
Imperial Age
RankedLock teamsTeams togetherTeam positionsShared explorationLock speedFull tech treeHidden civsTurbo modeCheats
Victory
Defeat
🇨🇳 Saracens · China
938
+17
🇨🇳 Magyars · China
962
-17
rdy2work
12:15 Feudal Age
13:07 Double-Bit Axe
22:02 Castle Age
20:42 Forging
20:54 Horse Collar
21:05 Gold Mining
21:15 Stone Mining
24:15 Scale Barding Armor
25:44 Bow Saw
25:59 Bloodlines
26:47 Loom
27:49 Chain Barding Armor
29:29 Wheelbarrow
29:31 Husbandry
32:04 Iron Casting
35:52 Imperial Age
34:52 Hand Cart
34:22 Town Watch
35:19 Heavy Plow
36:56 Conscription
37:01 Ballistics
37:42 Chemistry
38:30 Gold Shaft Mining
38:49 Plate Barding Armor
40:14 Counterweights
41:36 Blast Furnace
41:11 Bimaristan
41:34 Heavy Camel Rider
42:18 Scale Mail Armor
yukido
11:51 Feudal Age
10:09 Loom
11:54 Feudal Age
16:07 Castle Age
15:52 Double-Bit Axe
15:51 Horse Collar
17:52 Bow Saw
23:56 Heavy Plow
26:36 Stone Mining
28:54 Wheelbarrow
28:05 Town Watch
29:03 Town Patrol
30:12 Hand Cart
30:22 Gold Mining
34:44 Imperial Age
33:06 Masonry
32:57 Fletching
34:51 Gold Shaft Mining
35:57 Fervor
36:07 Sanctity
36:03 Block Printing
37:10 Crop Rotation
36:50 Bodkin Arrow
37:28 Illumination
37:40 Theocracy
38:40 Two-Man Saw
38:30 Conscription
38:47 Hoardings
37:43 Sappers
37:36 Capped Ram
38:29 Siege Engineers
38:05 Treadmill Crane
38:45 Ballistics
39:26 Chemistry
39:50 Devotion
40:43 Bracer
Connection lost

Rejoining the realm…

Still unreachable

The connection could not be restored.

Session expired

The server has moved on; the page needs a fresh start.